TOP OF THE 1ST |
Las Vegas 51s batting - Pitching for Gwinnett Braves : RHP Jae-bok Chong
|
Pitching: RHP Jae-bok Chong
|
|
Batting: RHB Jordan Martin
|
0-0: Ball 1-0: Ball 2-0: Ball 3-0: Called Strike 3-1: Called Strike 3-2: Base on Balls
|
Batting: SHB Billy Encinias
|
0-0: Ball Jordan Martin is caught stealing 2nd base 2-6 1-0: Foul Ball, location: 2F 1-1: Called Strike 1-2: Strikes out swinging
|
Batting: SHB Roberto Magne
|
0-0: Called Strike 0-1: Fly out, F7 (Flyball, 7LS, EV 89.4 MPH)
|
Top of the 1st over - 0 runs, 0 hits, 0 errors, 0 left on base; Las Vegas 0 - Gwinnett 0 |
BOTTOM OF THE 1ST |
Gwinnett Braves batting - Pitching for Las Vegas 51s : LHP Kevin Miozza
|
Pitching: LHP Kevin Miozza
|
|
Batting: LHB Ricky Ayon
|
0-0: Foul Ball, location: 2F 0-1: Ball 1-1: Fly out, F9 (Flyball, 9LM, EV 92.5 MPH)
|
Batting: RHB Josh Whitmore
|
0-0: Ball 1-0: SINGLE (Groundball, 4MD, EV 95.6 MPH)
|
Batting: RHB Luis Revilla
|
0-0: Fly out, F9 (Flyball, 9LM, EV 102.5 MPH)
|
Batting: RHB Alex Munoz
|
0-0: Called Strike 0-1: Swinging Strike 0-2: Ball 1-2: Ball Josh Whitmore steals 2nd base 2-2: SINGLE (Groundball, 34S, EV 96.9 MPH) Josh Whitmore to third Runner from 3rd tries for Home, throw by RF and OUT! 9-2
|
Bottom of the 1st over - 0 runs, 2 hits, 0 errors, 1 left on base; Las Vegas 0 - Gwinnett 0 |
TOP OF THE 2ND |
Las Vegas 51s batting - Pitching for Gwinnett Braves : RHP Jae-bok Chong
|
Batting: LHB Bill Armijo
|
0-0: Foul Ball, location: 2F 0-1: Foul Ball, location: 2F 0-2: Ball 1-2: Strikes out swinging
|
Batting: SHB Josh Schultze
|
0-0: Ball 1-0: Ball 2-0: Ball 3-0: Ground out 4-3 (Groundball, 4M, EV 88.8 MPH)
|
Batting: LHB Adam Hairston
|
0-0: Ball 1-0: Foul Ball, location: 2F 1-1: Ball 2-1: Ball 3-1: Swinging Strike 3-2: Foul Ball, location: 2F 3-2: Strikes out looking
|
Top of the 2nd over - 0 runs, 0 hits, 0 errors, 0 left on base; Las Vegas 0 - Gwinnett 0 |
BOTTOM OF THE 2ND |
Gwinnett Braves batting - Pitching for Las Vegas 51s : LHP Kevin Miozza
|
Batting: RHB Jesse Lester
|
0-0: Ball 1-0: Ball 2-0: Ball 3-0: Called Strike 3-1: Called Strike 3-2: Base on Balls
|
Batting: RHB T.J. Jordan
|
0-0: Grounds into double play, 4-6-3 (Groundball, 34, EV 105.0 MPH)
|
Batting: RHB Ethan McCullough
|
0-0: Swinging Strike 0-1: Fly out, F9 (Flyball, 9S, EV 87.5 MPH)
|
Bottom of the 2nd over - 0 runs, 0 hits, 0 errors, 0 left on base; Las Vegas 0 - Gwinnett 0 |
TOP OF THE 3RD |
Las Vegas 51s batting - Pitching for Gwinnett Braves : RHP Jae-bok Chong
|
Batting: LHB Ben Goldstein
|
0-0: Ball 1-0: Fly out, F9 (Flyball, 9, EV 78.8 MPH)
|
Batting: LHB Sal Fernandez
|
0-0: Swinging Strike 0-1: TRIPLE (Line Drive, 9LD, EV 106.9 MPH)
|
Batting: RHB Leon Edwards
|
0-0: Called Strike 0-1: Ball 1-1: Ground out 1-3 (Groundball, 34S, EV 63.8 MPH)
|
Batting: RHB Jordan Martin
|
0-0: Ball 1-0: Ball 2-0: Ball 3-0: Base on Balls
|
Batting: SHB Billy Encinias
|
0-0: Called Strike 0-1: Ground out 4-3 (Groundball, 4, EV 83.8 MPH)
|
Top of the 3rd over - 0 runs, 1 hit, 0 errors, 2 left on base; Las Vegas 0 - Gwinnett 0 |
BOTTOM OF THE 3RD |
Gwinnett Braves batting - Pitching for Las Vegas 51s : LHP Kevin Miozza
|
Batting: LHB Jose Chinchilla
|
0-0: Ball 1-0: Fly out, F6 (Popup, 15, EV 73.1 MPH)
|
Batting: SHB Tim Rodgers
|
0-0: Called Strike 0-1: Foul Ball, location: 2F 0-2: Ball 1-2: Ball 2-2: Fly out, F8 (Flyball, 8LM, EV 89.4 MPH)
|
Batting: LHB Ricky Ayon
|
0-0: SOLO HOME RUN (Flyball, 9D, EV 99.4 MPH), Distance : 372 ft
|
Batting: RHB Josh Whitmore
|
0-0: Fly out, F8 (Flyball, 8LS, EV 85.6 MPH)
|
Bottom of the 3rd over - 1 run, 1 hit, 0 errors, 0 left on base; Las Vegas 0 - Gwinnett 1 |
TOP OF THE 4TH |
Las Vegas 51s batting - Pitching for Gwinnett Braves : RHP Jae-bok Chong
|
Batting: SHB Roberto Magne
|
0-0: Called Strike 0-1: Ball 1-1: Swinging Strike 1-2: Ball 2-2: Foul Ball, location: 2F 2-2: Strikes out looking
|
Batting: LHB Bill Armijo
|
0-0: Ball 1-0: Ball 2-0: Ground out 6-3 (Groundball, 6, EV 80.6 MPH)
|
Batting: SHB Josh Schultze
|
0-0: Ball 1-0: Ball 2-0: SINGLE (Line Drive, 7S, EV 101.9 MPH)
|
Batting: LHB Adam Hairston
|
0-0: Fielders Choice at 2nd, 6-4 (Groundball, 6, EV 104.4 MPH)
|
Top of the 4th over - 0 runs, 1 hit, 0 errors, 1 left on base; Las Vegas 0 - Gwinnett 1 |
BOTTOM OF THE 4TH |
Gwinnett Braves batting - Pitching for Las Vegas 51s : LHP Kevin Miozza
|
Batting: RHB Luis Revilla
|
0-0: Ball 1-0: Ball 2-0: Ball 3-0: Called Strike 3-1: Foul Ball, location: 2F 3-2: Foul Ball, location: 2F 3-2: Base on Balls
|
Batting: RHB Alex Munoz
|
0-0: Ball 1-0: Called Strike 1-1: Foul Ball, location: 2F 1-2: Foul Ball, location: 2F 1-2: Ball 2-2: Fielders Choice at 2nd, 4-6 (Groundball, 4, EV 78.1 MPH)
|
Batting: RHB Jesse Lester
|
0-0: Fly out, F9 (Line Drive, 9, EV 93.1 MPH)
|
Batting: RHB T.J. Jordan
|
0-0: Called Strike 0-1: Ball 1-1: Foul Ball, location: 2F 1-2: Ball 2-2: Fly out, F8 (Flyball, 8RXD, EV 87.5 MPH)
|
Bottom of the 4th over - 0 runs, 0 hits, 0 errors, 1 left on base; Las Vegas 0 - Gwinnett 1 |
TOP OF THE 5TH |
Las Vegas 51s batting - Pitching for Gwinnett Braves : RHP Jae-bok Chong
|
Batting: LHB Ben Goldstein
|
0-0: Foul Ball, location: 2F 0-1: Ground out 5-3 (Groundball, 5D, EV 106.3 MPH)
|
Batting: LHB Sal Fernandez
|
0-0: Called Strike 0-1: Called Strike 0-2: Ball 1-2: Ball 2-2: Foul Ball, location: 2F 2-2: Strikes out swinging
|
Batting: RHB Leon Edwards
|
0-0: Called Strike 0-1: Called Strike 0-2: Ball 1-2: Foul Ball, location: 2F 1-2: Ball 2-2: Ball 3-2: Foul Ball, location: 2F 3-2: Strikes out looking
|
Top of the 5th over - 0 runs, 0 hits, 0 errors, 0 left on base; Las Vegas 0 - Gwinnett 1 |
BOTTOM OF THE 5TH |
Gwinnett Braves batting - Pitching for Las Vegas 51s : LHP Kevin Miozza
|
Batting: RHB Ethan McCullough
|
0-0: SINGLE (Flyball, 9LS, EV 83.8 MPH)
|
Batting: LHB Jose Chinchilla
|
0-0: Ball 1-0: Fly out, F6 (Popup, 6S, EV 71.3 MPH)
|
Batting: SHB Tim Rodgers
|
0-0: Fly out, F9 (Flyball, 89S, EV 76.9 MPH)
|
Batting: LHB Ricky Ayon
|
0-0: Called Strike 0-1: Swinging Strike 0-2: Ball 1-2: Strikes out swinging
|
Bottom of the 5th over - 0 runs, 1 hit, 0 errors, 1 left on base; Las Vegas 0 - Gwinnett 1 |
TOP OF THE 6TH |
Las Vegas 51s batting - Pitching for Gwinnett Braves : RHP Jae-bok Chong
|
Batting: RHB Jordan Martin
|
0-0: Ball 1-0: Ball 2-0: Ball 3-0: Base on Balls
|
Batting: SHB Billy Encinias
|
0-0: Ball 1-0: Called Strike 1-1: Ball 2-1: Swinging Strike 2-2: Fly out, F9 (Line Drive, 9, EV 93.1 MPH)
|
Batting: SHB Roberto Magne
|
0-0: Ball 1-0: Ball Jordan Martin steals 2nd base 2-0: Ball 3-0: Called Strike 3-1: Foul Ball, location: 2F 3-2: Ground out U3 (Groundball, 3L, EV 88.1 MPH) Jordan Martin to third
|
Batting: LHB Bill Armijo
|
0-0: Ball 1-0: Foul Ball, location: 2F 1-1: Ball 2-1: Called Strike 2-2: Ball 3-2: Base on Balls
|
Batting: SHB Josh Schultze
|
0-0: 3-RUN HOME RUN (Flyball, 9D, EV 103.1 MPH), Distance : 385 ft
|
Batting: LHB Adam Hairston
|
0-0: Ball 1-0: SINGLE (Groundball, 6D, EV 106.9 MPH)
|
Pitching: RHP Alan Shanahan
|
|
Batting: LHB Ben Goldstein
|
0-0: Called Strike Adam Hairston steals 2nd base 0-1: Swinging Strike 0-2: Strikes out swinging
|
Top of the 6th over - 3 runs, 2 hits, 0 errors, 1 left on base; Las Vegas 3 - Gwinnett 1 |
BOTTOM OF THE 6TH |
Gwinnett Braves batting - Pitching for Las Vegas 51s : LHP Kevin Miozza
|
Batting: RHB Josh Whitmore
|
0-0: Ground out 6-3 (Groundball, 6, EV 88.8 MPH)
|
Batting: RHB Luis Revilla
|
0-0: Ball 1-0: Ball 2-0: Foul Ball, location: 2F 2-1: Ball 3-1: SINGLE (Groundball, 6D, EV 100.6 MPH)
|
Batting: RHB Alex Munoz
|
0-0: Called Strike 0-1: Grounds out, U3 (Groundball, 3L, EV 86.3 MPH)
|
Batting: RHB Jesse Lester
|
0-0: Called Strike 0-1: Fly out, F4 (Popup, 23, EV 94.4 MPH)
|
Bottom of the 6th over - 0 runs, 1 hit, 0 errors, 1 left on base; Las Vegas 3 - Gwinnett 1 |
TOP OF THE 7TH |
Las Vegas 51s batting - Pitching for Gwinnett Braves : RHP Alan Shanahan
|
Batting: LHB Sal Fernandez
|
0-0: Called Strike 0-1: Ball 1-1: TRIPLE (Flyball, 89XD, EV 109.4 MPH)
|
Batting: RHB Leon Edwards
|
0-0: Called Strike 0-1: Ball 1-1: SINGLE (Groundball, 4, EV 90.0 MPH) (infield hit) Sal Fernandez scores
|
Batting: RHB Jordan Martin
|
0-0: Foul Ball, location: 2F 0-1: DOUBLE (Flyball, 8RXD, EV 113.8 MPH) Leon Edwards to third
|
Batting: SHB Billy Encinias
|
0-0: Ball 1-0: Swinging Strike 1-1: Ball 2-1: Foul Ball, location: 2F 2-2: Ball 3-2: Foul Ball, location: 2F 3-2: Foul Ball, location: 2F 3-2: SINGLE (Groundball, 34, EV 101.9 MPH) Leon Edwards scores Jordan Martin to third Runner from 3rd tries for Home, SAFE, throw by RF to home
|
Pitching: RHP Chris Thompson
|
|
Batting: SHB Roberto Magne
|
0-0: Ball 1-0: Ball 2-0: SINGLE (Groundball, 34D, EV 98.8 MPH) Billy Encinias to second Runner from 2nd tries for 3rd, SAFE, throw by RF made to third
|
Batting: LHB Bill Armijo
|
0-0: DOUBLE (Groundball, 3L, EV 105.0 MPH) Billy Encinias scores Roberto Magne to third
|
Batting: SHB Josh Schultze
|
0-0: Fly out, F6 (Line Drive, 6, EV 66.3 MPH)
|
Batting: LHB Adam Hairston
|
0-0: Ball 1-0: Ball 2-0: Ball 3-0: Called Strike 3-1: Fly out, F8 (Flyball, 8LD, EV 91.9 MPH) Runner from 3rd tags up, SCORES, throw by CF Bill Armijo to third
|
Batting: LHB Ben Goldstein
|
0-0: Swinging Strike 0-1: Ball 1-1: Swinging Strike 1-2: Strikes out swinging
|
Top of the 7th over - 5 runs, 6 hits, 0 errors, 1 left on base; Las Vegas 8 - Gwinnett 1 |
BOTTOM OF THE 7TH |
Gwinnett Braves batting - Pitching for Las Vegas 51s : LHP Kevin Miozza
|
Batting: RHB T.J. Jordan
|
0-0: Ball 1-0: Ground out 5-3 (Groundball, 56S, EV 88.1 MPH)
|
Batting: RHB Ethan McCullough
|
0-0: Ball 1-0: Swinging Strike 1-1: Swinging Strike 1-2: Ball 2-2: Strikes out swinging
|
Batting: LHB Jose Chinchilla
|
0-0: Ball 1-0: Called Strike 1-1: Ball 2-1: Foul Ball, location: 2F 2-2: SINGLE (Line Drive, 4D, EV 95.0 MPH)
|
Batting: SHB Tim Rodgers
|
0-0: Swinging Strike 0-1: Ball 1-1: DOUBLE (Flyball, 8LXD, EV 98.1 MPH) Jose Chinchilla to third Runner from 3rd tries for Home, SAFE, no throw by CF
|
Batting: LHB Ricky Ayon
|
0-0: Foul Ball, location: 2F 0-1: Foul Ball, location: 2F 0-2: Ball 1-2: Foul Ball, location: 2F 1-2: Foul Ball, location: 2F 1-2: Ground out 4-3 (Groundball, 4M, EV 111.3 MPH)
|
Bottom of the 7th over - 1 run, 2 hits, 0 errors, 1 left on base; Las Vegas 8 - Gwinnett 2 |
TOP OF THE 8TH |
Las Vegas 51s batting - Pitching for Gwinnett Braves : RHP Chris Thompson
|
Batting: LHB Sal Fernandez
|
0-0: Ball 1-0: Ball 2-0: Called Strike 2-1: Swinging Strike 2-2: Ball 3-2: Foul Ball, location: 2F 3-2: Foul Ball, location: 2F 3-2: Ground out 6-3 (Groundball, 6MS, EV 66.9 MPH)
|
Batting: RHB Leon Edwards
|
0-0: Fly out, F3 (Line Drive, 3, EV 66.9 MPH)
|
Batting: RHB Jordan Martin
|
0-0: Ball 1-0: Called Strike 1-1: Ball 2-1: Ball 3-1: Called Strike 3-2: DOUBLE (Groundball, 5L, EV 108.8 MPH)
|
Batting: SHB Billy Encinias
|
0-0: Called Strike 0-1: Foul Ball, location: 2F 0-2: Ball 1-2: Foul Ball, location: 2F 1-2: Foul Ball, location: 2F 1-2: Fly out, F6 (Flyball, 4MD, EV 95.6 MPH)
|
Top of the 8th over - 0 runs, 1 hit, 0 errors, 1 left on base; Las Vegas 8 - Gwinnett 2 |
BOTTOM OF THE 8TH |
Gwinnett Braves batting - Pitching for Las Vegas 51s : LHP Kevin Miozza
|
Batting: RHB Josh Whitmore
|
0-0: Foul Ball, location: 2F 0-1: Ground out 6-3 (Groundball, 56, EV 100.6 MPH)
|
Batting: RHB Luis Revilla
|
0-0: Ball 1-0: Ball 2-0: Ground out 5-3 (Groundball, 5L, EV 93.1 MPH)
|
Batting: RHB Alex Munoz
|
0-0: Ball 1-0: Ball 2-0: Called Strike 2-1: Ball 3-1: Base on Balls
|
Batting: RHB Jesse Lester
|
0-0: Ball 1-0: Called Strike 1-1: Foul Ball, location: 2F 1-2: Foul Ball, location: 2F Pickoff Throw to First - Error! E1 Alex Munoz to second 1-2: Fly out, F9 (Flyball, 9D, EV 82.5 MPH)
|
Bottom of the 8th over - 0 runs, 0 hits, 1 error, 1 left on base; Las Vegas 8 - Gwinnett 2 |
TOP OF THE 9TH |
Las Vegas 51s batting - Pitching for Gwinnett Braves : RHP Chris Thompson
|
Pitching: RHP Will Patterson
|
|
Batting: SHB Roberto Magne
|
0-0: Called Strike 0-1: Swinging Strike 0-2: Ball 1-2: Foul Ball, location: 2F 1-2: Ground out 5-3 (Groundball, 5, EV 91.3 MPH)
|
Batting: LHB Bill Armijo
|
0-0: Ball 1-0: Foul Ball, location: 2F 1-1: Ball 2-1: Ball 3-1: Called Strike 3-2: Ground out 6-3 (Groundball, 6, EV 108.1 MPH)
|
Batting: SHB Josh Schultze
|
0-0: Called Strike 0-1: Ball 1-1: Ball 2-1: Ball 3-1: Called Strike 3-2: Base on Balls
|
Batting: LHB Adam Hairston
|
0-0: Fielders Choice at 2nd, 5-4 (Groundball, 56, EV 81.3 MPH)
|
Top of the 9th over - 0 runs, 0 hits, 0 errors, 1 left on base; Las Vegas 8 - Gwinnett 2 |
BOTTOM OF THE 9TH |
Gwinnett Braves batting - Pitching for Las Vegas 51s : LHP Kevin Miozza
|
Pitching: RHP Ben Dicks
|
|
Batting: RHB T.J. Jordan
|
0-0: Ball 1-0: Called Strike 1-1: Called Strike 1-2: Strikes out swinging
|
Batting: RHB Ethan McCullough
|
0-0: Ball 1-0: Ball 2-0: Swinging Strike 2-1: SINGLE (Line Drive, 9LS, EV 95.6 MPH)
|
Batting: LHB Jose Chinchilla
|
0-0: Called Strike 0-1: Foul Ball, location: 2F 0-2: Ball 1-2: Ball 2-2: Strikes out looking and he ARGUES THE CALL AND IS TOSSED!
|
Batting: SHB Tim Rodgers
|
0-0: SINGLE (Groundball, 34, EV 94.4 MPH) Ethan McCullough to second
|
Batting: LHB Ricky Ayon
|
0-0: Called Strike 0-1: Called Strike 0-2: Ball 1-2: Ball 2-2: Ball 3-2: Strikes out swinging
|
Bottom of the 9th over - 0 runs, 2 hits, 0 errors, 2 left on base; Las Vegas 8 - Gwinnett 2 |
|